Kradschützen Motorcycle Team
Kradschützen Motorcycle Team
Selects Armored Support Battlegroup
Selects Superior Fire Drills
Construct Light Support Kompanie
Panzerjäger Mechanized Group
Construct Mechanized Kompanie
Marder III Tank Destroyer
Marder III Tank Destroyer
le.IG 18 Mechanized Group
18-tonne Recovery Half-track
Selects Stuka Anti-tank Loiter
Selects Flammpanzer III Medium Tank
Marder III Tank Destroyer
Marder III Tank Destroyer